 Dungeon Crawl Stone Soup version 0.31-a0-1008-g5b978da (webtiles) character file.

Game seed: 8587595809081190411

575 Partyfoot the Shooter (level 7, 0/51 (55) HPs)
             Began as a Barachi Hunter on Nov 12, 2023.
             Slain by a centaur
             ... wielding a +0 flail
              (13 damage)
             ... on level 5 of the Dungeon.
             The game lasted 00:17:56 (2707 turns).

Partyfoot the Shooter (Barachi Hunter)              Turns: 2707, Time: 00:17:57

HP:   0/51 (55)     AC:  4    Str: 12    XL:     7   Next: 35%
MP:   7/7           EV: 12    Int:  9    God:
Gold: 228           SH:  0    Dex: 18    Spells: 4/6 levels left

rFire   . . .        b - +2 whip (elec)
rCold   . . .        (no shield)
rNeg    . . .        c - +0 leather armour
rPois   .            r - +0 helmet
rElec   .            (no cloak)
rCorr   .            (no gloves)
SInv    .            (no boots)
Will    .....        (no amulet)
Stlth   ++           n - +4 ring of slaying
HPRegen 0.28/turn    (no ring)
MPRegen 0.10/turn

%: no passive effects
@: drained, slow
A: amphibious, slowness 1, strong legs 1, +LOS
a: Hop


You were on level 5 of the Dungeon.
You visited 2 branches of the dungeon, and saw 6 of its levels.

You collected 228 gold pieces.

Inventory:

Hand Weapons
 a - a +0 shortbow
 b - a +2 whip of electrocution (weapon)
Missiles
 d - 9 poisoned darts
Armour
 c - a +0 leather armour (worn)
 r - a +0 helmet (worn)
Jewellery
 n - a +4 ring of slaying (left hand)
Wands
 v - a wand of polymorph (10)
Scrolls
 e - 2 scrolls of teleportation {unknown}
 f - 3 scrolls of identify {unknown}
 g - 2 scrolls of poison {unknown}
 i - a scroll of enchant armour {unknown}
 j - 2 scrolls of vulnerability {unknown}
 l - a scroll of enchant weapon {unknown}
 m - a scroll of acquirement {unknown}
 o - a scroll of blinking {unknown}
 p - a scroll of fear {unknown}
 u - a scroll of brand weapon {unknown}
Potions
 h - a potion of degeneration {unknown}
 k - 2 potions of attraction {unknown}
 q - a potion of invisibility {unknown}
 s - a potion of magic {unknown}
 t - a potion of mutation {unknown}


   Skills:
 + Level 4.8 Fighting
 + Level 5.3 Ranged Weapons
 - Level 2.5 Dodging
 + Level 3.4 Stealth
 - Level 3.0 Transmutations
 + Level 2.7 Earth Magic


You had 4 spell levels left.
You knew the following spells:

 Your Spells              Type           Power      Damage    Failure   Level
a - Passwall              Tmut/Erth      4%         N/A       24%         2

Your spell library contained the following spells:

 Spells                   Type           Power      Damage    Failure   Level
 Sandblast                Erth           8%         2d5       17%         1
 Foxfire                  Conj/Fire      0%         2x1d4     45%         1
 Ensorcelled Hibernation  Hex/Ice        0%         N/A       61%         2
 Lesser Beckoning         Tloc           0%         N/A       61%         2
 Stone Arrow              Conj/Erth      4%         3d7       65%         3
 Gell's Gravitas          Tloc           0%         N/A       83%         3
 Inner Flame              Hex/Fire       0%         N/A       83%         3
 Swiftness                Air            0%         N/A       83%         3
 Teleport Other           Tloc           0%         N/A       83%         3
 Brom's Barrelling Bould  Conj/Erth      2%         2d3       96%         4
 Flame Wave               Conj/Fire      0%         2d4       99%         4
 Yara's Violent Unravell  Hex/Tmut       1%         3d3       100%        5
 Dispersal                Tloc           0%         N/A       100%        6


Dungeon Overview and Level Annotations

Branches:
Dungeon (5/15)             Temple (1/1) D:5

Altars:
Ashenzari
Cheibriados
Elyvilon
Fedhas
Kikubaaqudgha
Nemelex Xobeh
Ru
Uskayaw
Xom

Annotations:
D:4 Pikel


Innate Abilities, Weirdness & Mutations

You are amphibious.
You cover ground slowly.
You can hop short distances.
You have an extended range of vision and can be seen from far away.


Message History

The iguana bites you!
You are too injured to fight recklessly!
You are too injured to fight recklessly!
You are too injured to fight recklessly!
You are too injured to fight recklessly!
You are too injured to fight recklessly!
You hit the iguana.
You kill the iguana!
Training target 3.0 for Transmutations reached!
Your Transmutations skill increases to level 3!
You start resting.
A centaur is nearby!
You see here an iguana corpse.
Your +2 whip of electrocution stops crackling.
a - a +0 shortbow (weapon)
The centaur shoots an arrow.
The arrow hits you!
You feel drained.
You are too injured to fight recklessly!
You are too injured to fight recklessly!
Fire: a) +0 shortbow
Press: ? - help, Q - select action, (/) - cycle Shift-Dir - straight line, f - centaur
Aim: a centaur, wielding a +2 orcbow of draining (77% to hit)
You shoot an arrow. The arrow barely misses the centaur.
The centaur shoots an arrow.
The arrow hits you.
* * * LOW HITPOINT WARNING * * *
You feel drained.
* * * LOW HITPOINT WARNING * * *
Okay, then.
You hear the crackle of electricity.
b - a +2 whip of electrocution (weapon)
The centaur unwields a +2 orcbow of draining.
The centaur wields a +0 flail.
The centaur barely misses you. The centaur closely misses you.
You hit the centaur.
The centaur is moderately wounded.
The centaur barely misses you.
The centaur kicks you but does no damage.
You hit the centaur.
The centaur is moderately wounded.
The centaur hits you with a +0 flail!
You die...

.....)#.###.#...
.....###.....#..
#.###.#......#..
##.....#..>..#.. ##
#......#......#.###.##
.#.....#.....###.....#
.#......#.###.#†...?.#
.#.....###.....#.....#...
..#.###.#......#@.....#
..##.....#.....#c!...##
..#......#......#.###.#
.#.#.....#c....###. #
.#.#......#.###.# .. .#
#.....###. #.....
#...#.###. .. ....##
#..)## # .. ..## #.. .#


You could see a centaur.

Vanquished Creatures
  A sky beast (D:4)
  2 black bears (D:5)
  Blork the orc (D:4)
  Jessica (D:3)
  2 iguanas (D:5)
  An orc wizard (D:5)
  A gnoll (D:4)
  2 adders
  A shadow imp (D:5)
  A dart slug (D:3)
  17 orcs
  6 ball pythons
  4 endoplasms
  3 giant cockroaches
  9 goblins
  3 hobgoblins (D:1)
  4 jackals (D:2)
  3 quokkas (D:1)
  9 bats
  6 frilled lizards
  4 kobolds
  2 rats (D:1)
83 creatures vanquished.

Notes
Turn   | Place    | Note
-------+----------+-------------------------------------------
     0 | D:1      | Partyfoot the Barachi Hunter began the quest for the Orb.
     0 | D:1      | Reached XP level 1. HP: 17/17 MP: 1/1
    13 | D:1      | Reached skill level 1 in Stealth
    68 | D:1      | Reached XP level 2. HP: 23/23 MP: 2/2
   378 | D:1      | Got the Spellbook of Red-Hot Charms
   400 | D:1      | Reached XP level 3. HP: 29/29 MP: 3/3
   670 | D:2      | Learned a level 2 spell: Passwall
  1005 | D:3      | Reached XP level 4. HP: 35/35 MP: 4/4
  1282 | D:3      | Noticed Jessica
  1285 | D:3      | Killed Jessica
  1286 | D:3      | Reached skill level 1 in Transmutations
  1286 | D:3      | Reached skill level 1 in Earth Magic
  1495 | D:4      | Reached XP level 5. HP: 41/41 MP: 5/5
  1500 | D:4      | Noticed Pikel
  1501 | D:4      | Noticed a lemure
  1502 | D:4      | Noticed Blork the orc
  1502 | D:4      | Noticed a lemure
  1503 | D:4      | Noticed a lemure
  1508 | D:4      | Noticed a lemure
  1516 | D:4      | HP: 2/41 [lemure[Pikel] (2)]
  1714 | D:5      | Entered Level 5 of the Dungeon
  1715 | D:5      | Noticed a centaur
  1842 | D:4      | Killed Blork the orc
  1844 | D:4      | Noticed a sky beast
  1858 | D:4      | Killed a sky beast
  1859 | D:4      | Reached XP level 6. HP: 13/48 MP: 6/6
  2263 | D:5      | Reached skill level 5 in Ranged Weapons
  2419 | D:5      | Noticed a black bear
  2430 | D:5      | Killed a black bear
  2539 | D:5      | Found a staircase to the Ecumenical Temple.
  2547 | D:5      | Reached XP level 7. HP: 48/55 MP: 7/7
  2560 | Temple   | Entered the Ecumenical Temple
  2707 | D:5      | Slain by a centaur

Illustrated notes

Levels and vault maps discovered:
D:1:      shiori_arrival_oz, layout_loops_ring, chequers_serial_rivers_micro_d
D:2:      layout_rooms
D:3:      layout_rooms, chequers_hall_statues_y, minmay_misc_feat_nine_boxes,
          minmay_close_crescents, uniq_jessica
D:4:      layout_basic, marbit_many_paths, uniq_pikel, uniq_blork_the_orc,
          uniq_crazy_yiuf_cottage
D:5:      nicolae_BIG_FREAKIN_CUBE, layout_layer_cave, minmay_temple_entry_mist,
          ebering_ghost_inner_flame
Temple:   nicolae_temple_figure_zero

Skill      XL: |  1  2  3  4  5  6  7 |
---------------+----------------------+-----
Stealth        | 1 2 3 |  3.4
Fighting       | 3 4 |  4.8
Transmutations | 1 2 3 |  3.0
Earth Magic    | 1 2 |  2.7
Ranged Weapons | 5 |  5.3
Dodging        | |  2.5

Action                     |  1- 3 |  4- 6 |  7- 9 || total
---------------------------+-------+-------+-------++-------
  Melee: Whip              |       |    30 |     8 ||    38
   Fire: Shortbow          |   111 |    88 |    18 ||   217
   Cast: Passwall          |       |     2 |       ||     2
Ability: Hop               |       |     3 |       ||     3
    Use: Scroll            |       |     1 |       ||     1
 Armour: Leather armour    |    16 |    52 |    13 ||    81
  Dodge: Dodged            |     8 |    59 |    18 ||    85

Table legend: (Time is in decaauts)
 A = Elapsed time spent in this place.
 B = Non-inter-level travel time spent in this place.
 C = Inter-level travel time spent in this place.
 D = Time resting spent in this place.
 E = Time spent auto-exploring this place.
 F = Levels seen in this place.
 G = Mean time per level.
                   A        B        C        D        E       F      G
               +--------+--------+--------+--------+--------+-----+--------+
         Total |   3112 |   2777 |    335 |    479 |   1490 |   6 |  518.7 |
       Dungeon |   3051 |   2774 |    277 |    479 |   1490 |   5 |  610.2 |
        Temple |     61 |      3 |     58 |      0 |      0 |   1 |   61.0 |
               +--------+--------+--------+--------+--------+-----+--------+

Top non-repeatable levels by time:
     D:4: 747 daAuts
     D:1: 713 daAuts
     D:3: 668 daAuts
     D:5: 550 daAuts
     D:2: 372 daAuts
  Temple: 61 daAuts
